cohdb
Replays
Latest Replays
All Replays
Popular Replays
Top Player Replays
Match Explorer
How It Works
Community
CoH3 Stats
Reddit
Sign in to upload your games and track your stats! →
Sign in with Steam
Match 40595236
Unlisted
Match 40595236
Overview
Messages
Build Orders
End
Kettenkrad Recon Vehicle
Construct Infanterie Kompanie
Selects Terror Battlegroup
Selects Machine Gun Camouflage
MG 42 Machine Gun Team
Grenadier Squad
Grenadier Squad
Construct Luftwaffe Kompanie
Selects Contempt for the Weak
Jäger Squad
Jäger Squad
Flak 30 Anti-aircraft Gun Team
Medical Bunker
Support Elements
Selects No Quarter
Wirbelwind Flakpanzer
Side Skirts
Jäger Squad
Marder III M Tank Destroyer
Selects King Tiger Heavy Tank
King Tiger Heavy Tank
Pioneer Squad
Pioneer Squad
Selects Propaganda Leaflet Drop
Selects V1 Rocket Strike
V1 Rocket Strike
Construct Panzer Kompanie
Propaganda Leaflet Drop
V1 Rocket Strike
Wirbelwind Flakpanzer
V1 Rocket Strike
Goodvyn
_
0
0
Comments
sign in to comment!
No comments posted yet!